 Dungeon Crawl Stone Soup version 0.29-a0-617-g7a6b98fccd (webtiles) character file.

Game seed: 11707120264338414776

112 shoop the Insei (level 5, 0/45 HPs)
             Began as a Meteoran Transmuter on June 18, 2022.
             Was an Initiate of Yredelemnul.
             Slain by a centaur (3 damage)
             ... on level 5 of the Dungeon.
             The game lasted 00:04:22 (524 turns).

shoop the Insei (Meteoran Transmuter)                Turns: 524, Time: 00:04:22

Health: 0/45       AC:  2    Str: 11    XL:     5   Next: 40%
Magic:  6/10       EV: 20    Int: 16    God:    Yredelemnul [......]
Gold:   9          SH:  0    Dex: 20    Spells: 6/10 levels left

rFire   . . .      SeeInvis .     - Unarmed
rCold   . . .      Faith    .   (shield currently unavailable)
rNeg    . . .      Spirit   .   (body armour currently unavailable)
rPois   x          Reflect  .   (helmet currently unavailable)
rElec   .          Harm     .   (cloak currently unavailable)
rCorr   .          Rampage  .   (gloves currently unavailable)
Will    .....                   (boots currently unavailable)
Stlth   +.........              (no amulet)
HPRegen 0.15/turn               (no ring)
MPRegen 0.12/turn               (no ring)

@: spider-form, glowing
A: venomous fangs, tiny, sense surroundings 1, otherworldly, glowing, explore
regen
a: End Transformation, Renounce Religion, Recall Undead Harvest


You were on level 5 of the Dungeon.
You worshipped Yredelemnul.
Yredelemnul was noncommittal.
You were a venomous arachnid creature.
You visited 1 branch of the dungeon, and saw 4 of its levels.

You collected 9 gold pieces.

Inventory:

Hand Weapons
 c - a +0 mace (melded)
Missiles
 h - 3 javelins
Armour
 a - a +0 robe (melded)
Scrolls
 d - a scroll of enchant armour {unknown}
 f - a scroll of silence {unknown}
 g - a scroll of torment {unknown}
 i - 2 scrolls of enchant weapon {unknown}
 k - 3 scrolls of identify {unknown}
 l - a scroll of poison {unknown}
Potions
 b - a potion of lignification
 e - a potion of mutation {unknown}
 j - 2 potions of heal wounds
 m - a potion of curing {unknown}


   Skills:
 + Level 3.4 Fighting
 - Level 3.0 Dodging
 - Level 4.0 Unarmed Combat
 - Level 3.0 Spellcasting
 - Level 3.0 Transmutations
 - Level 2.0 Poison Magic


You had 6 spell levels left.
You knew the following spells:

 Your Spells              Type           Power      Damage    Failure   Level
a - Beastly Appendage     Tmut           24%        N/A       16%         1
c - Spider Form           Tmut/Pois      10%        N/A       41%         3

Your spell library contained the following spells:

 Spells                   Type           Power      Damage    Failure   Level
 Wereblood                Tmut           12%        N/A       22%         2
 Ice Form                 Ice/Tmut       7%         N/A       86%         4


Dungeon Overview and Level Annotations

Branches:
Dungeon (3/15) Zot: 1850

Altars:
Kikubaaqudgha
Yredelemnul


Innate Abilities, Weirdness & Mutations

You are a venomous arachnid creature.
You have poisonous fangs.
You are tiny and dextrous.
Your spellcasting is less reliable in this form.
Your armour is entirely melded.
You are incapable of wielding weapons or throwing items.
You passively map a small area around you.
You are easily found by Zot.
You glow in the dark.
You regain HP and MP as you explore.


Message History

The centaur is moderately wounded.
The centaur completely misses you. The centaur kicks you.
The centaur closely misses you. The centaur kicks you.
The centaur closely misses you. The centaur completely misses you.
The centaur closely misses you. The centaur misses you.
Unknown command.
You hit the centaur.
The centaur looks as sick as possible!
The centaur is heavily wounded.
The centaur hits you. The centaur barely misses you. The centaur misses you. x2
You hit the centaur but do no damage.
The centaur looks as sick as possible!
The centaur is severely wounded.
The centaur hits you.
* * * LOW HITPOINT WARNING * * *
The centaur barely misses you. The centaur closely misses you. x2
Unknown command.
You hit the centaur.
The centaur looks as sick as possible!
The centaur is almost dead.
The centaur hits you.
* * * LOW HITPOINT WARNING * * *
The centaur completely misses you. The centaur barely misses you.
The centaur closely misses you. The centaur barely misses you.
The centaur closely misses you. The centaur misses you. The centaur kicks you.
* * * LOW HITPOINT WARNING * * *
Unknown command.
You hit the centaur.
You kill the centaur!
The dead are walking!
The centaur hits you but does no damage.
The centaur kicks you but does no damage.
Training target 2.0 for Poison Magic reached!
Your Poison Magic skill increases to level 2!
You need to enable at least one skill for training.
Your Fighting skill gained 2 levels and is now at level 3!
You have reached level 4!
You have reached level 5!
You hit the centaur.
The centaur is poisoned.
The centaur is lightly wounded.
The centaur closely misses you. The centaur kicks you.
You die...
Your body rises from the dead as a mindless zombie.

#.........P......#
#####...###.PP......#
#....P...#PPP.......#
#......P.P..P.......#
#.........P..#......#
#......#...###......#
#......##.####......#
#...................#
####s##.............#
##c).#.............#
*
#....#.......#######
*#^..Z..........#, *
* #...............#,
, ,..^..........+####
, ,..............^.
?........^....^. * ,
* ,,....b^...^....^.+
, ,


You could see a centaur (very poisoned, ally target) and a friendly centaur
zombie.

Vanquished Creatures
  A centaur (D:5)
  An adder (D:2)
  2 endoplasms (D:1)
  2 giant cockroaches
  3 hobgoblins (D:1)
  4 jackals (D:1)
  2 quokkas
  A bat (D:1)
  5 kobolds
  3 rats
24 creatures vanquished.

Vanquished Creatures (others)
  A bat zombie (D:2)
  A rat zombie (D:2)
2 creatures vanquished.

Grand Total: 26 creatures vanquished

Notes
Turn   | Place    | Note
-------+----------+-------------------------------------------
     0 | D:1      | shoop the Meteoran Transmuter began the quest for the Orb.
     0 | D:1      | Reached XP level 1. HP: 16/16 MP: 5/5
    88 | D:1      | Reached XP level 2. HP: 18/23 MP: 4/6
   208 | D:1      | Reached XP level 3. HP: 12/28 MP: 8/8
   212 | D:1      | Learned a level 3 spell: Spider Form
   267 | D:2      | Found a faded altar of an unknown god.
   311 | D:2      | Prayed at the altar of an unknown god.
   311 | D:2      | Became a worshipper of Yredelemnul the Dark
   318 | D:2      | Reached * piety under Yredelemnul
   337 | D:2      | Reached skill level 4 in Unarmed Combat
   434 | D:3      | Reached skill level 1 in Poison Magic
   458 | D:3      | You fall into a shaft and drop 2 floors!
   458 | D:5      | Entered Level 5 of the Dungeon
   491 | D:5      | Found an ancient bone altar of Kikubaaqudgha.
   509 | D:5      | Noticed a centaur
   509 | D:5      | Noticed a centaur
   522 | D:5      | HP: 1/28 [centaur (2)]
   523 | D:5      | Killed a centaur
   524 | D:5      | Reached XP level 4. HP: 2/38 MP: 6/9
   524 | D:5      | Reached XP level 5. HP: 2/45 MP: 6/10
   524 | D:5      | Slain by a centaur

Illustrated notes

Levels and vault maps discovered:
D:1:      evilmike_arrival_plus, layout_basic
D:2:      layout_rooms, ebering_ecumenical_altar_hall
D:3:      layout_basic, uniq_natasha
D:5:      layout_gridville, xom_butterflies, kiku_gazebo_garden_becter,
          kennysheep_diamond, minmay_holes, st_stairs_4

Skill      XL: |  1  2  3 |
---------------+----------+-----
Spellcasting   | 3 |  3.0
Dodging        | 3 |  3.0
Unarmed Combat | 4 |  4.0
Transmutations | 3 |  3.0
Poison Magic   | 2 |  2.0
Fighting       | 3 |  3.4

Action                   |  1- 3 |  4- 6 || total
-------------------------+-------+-------++-------
Melee: Mace              |    65 |       ||    65
       Kick              |    10 |       ||    10
       Punch             |     3 |       ||     3
       Headbutt          |     4 |       ||     4
       Unarmed           |     7 |     1 ||     8
 Cast: Beastly Appendage |     9 |       ||     9
       Spider Form       |     1 |       ||     1
  Use: Potion            |     1 |       ||     1
Armor: Robe              |    22 |       ||    22
       Skin              |     3 |       ||     3
Dodge: Dodged            |    67 |     1 ||    68

Table legend: (Time is in decaauts)
 A = Elapsed time spent in this place.
 B = Non-inter-level travel time spent in this place.
 C = Inter-level travel time spent in this place.
 D = Time resting spent in this place.
 E = Time spent auto-exploring this place.
 F = Levels seen in this place.
 G = Mean time per level.
                   A        B        C        D        E       F      G
               +--------+--------+--------+--------+--------+-----+--------+
         Total |    548 |    548 |      0 |      0 |      0 |   4 |  137.0 |
       Dungeon |    548 |    548 |      0 |      0 |      0 |   4 |  137.0 |
               +--------+--------+--------+--------+--------+-----+--------+

Top non-repeatable levels by time:
     D:1: 269 daAuts
     D:2: 109 daAuts
     D:3: 105 daAuts
     D:5: 65 daAuts
